 Dungeon Crawl Stone Soup version 0.32-a0-481-g9ce6b883f8 (webtiles) character file.

Game seed: 10480277099063721328

358 GordonOverkill the Chopper (level 6, -1/47 HPs)
             Began as a Coglin Delver on Feb 26, 2024.
             Splashed by a jelly's acid (9 damage)
             ... on level 6 of the Dungeon.
             The game lasted 00:02:35 (758 turns).

GordonOverkill the Chopper (Coglin Delver)           Turns: 758, Time: 00:02:36

Health: -1/47      AC: -13   Str: 14    XL:     6   Next: 64%
Magic:  6/6        EV: 11    Int: 10    God:
Gold:   39         SH:  0    Dex: 15    Spells: 5/5 levels left

rFire   . . .        i - +0 war axe {Constanze}
rCold   . . .        a - +0 hand axe {Ælfthryth}
rNeg    . . .        b - +0 leather armour
rPois   .            (no helmet)
rElec   .            (no cloak)
rCorr   .            (no gloves)
SInv    .            (no boots)
Will    .....        (no amulet)
Stlth   ++           (ring unavailable)
HPRegen 0.27/turn    (ring unavailable)
MPRegen 0.10/turn

%: no passive effects
@: corroded, hasted, revved, very quick
A: off-hand wielding, slow wielding, warmup strikes, no rings
a: no special abilities


You were on level 6 of the Dungeon.
You visited 1 branch of the dungeon, and saw 3 of its levels.

You collected 39 gold pieces.

Inventory:

Hand Weapons
 a - a +0 hand axe (offhand) {Ælfthryth}
 i - a +0 war axe (weapon) {Constanze}
Armour
 b - a +0 leather armour (worn)
Wands
 g - a wand of digging (3)
 j - a wand of iceblast (3)
Scrolls
 c - a scroll of fog
 d - a scroll of revelation
 h - a scroll of teleportation {unknown}
 k - a scroll of poison {unknown}
 l - a scroll of noise {unknown}
 m - a scroll of identify {unknown}
 n - a scroll of blinking {unknown}


   Skills:
 - Level 3.0 Fighting
 + Level 6.4 Axes
 - Level 1.7 Dodging
 - Level 4.1 Stealth
 - Level 3.0 Evocations


You had 5 spell levels left.
You didn't know any spells.
Your spell library contained the following spells:

 Spells                   Type           Power      Damage    Failure   Level
 Hailstorm                Conj/Ice       0%         3d5       82%         3
 Summon Ice Beast         Ice/Summ       0%         N/A       82%         3
 Sculpt Simulacrum        Ice/Alch       0%         N/A       100%        6


Dungeon Overview and Level Annotations

Branches:
Dungeon (7/15)
 Temple: D:4-7

Altars:


Innate Abilities, Weirdness & Mutations

You can wield a second weapon in your off-hand.
It takes a long time for you to wield or remove held weapons.
Your first few attacks do less damage.
Your grasper-arms cannot wear rings.


Message History

You see here 6 stones.
An iguana comes into view.
The iguana hisses angrily.
You hit the iguana but do no damage.
You hit the iguana with your +0 hand axe.
The iguana bites you!
You slash the iguana with your +0 war axe!
The iguana is heavily wounded.
You hit the iguana but do no damage. The iguana misses you.
You closely miss the iguana with your +0 hand axe.
The iguana is heavily wounded.
You closely miss the iguana with your +0 war axe.
The iguana bites you but does no damage.
You hit the iguana with your +0 hand axe.
The iguana is almost dead.
You slash the iguana with your +0 war axe!
You kill the iguana!
You hit the jelly with your +0 hand axe.
Your graspers burn!
* * * LOW HITPOINT WARNING * * *
The jelly is lightly wounded.
You hit the jelly with your +0 war axe. The acid corrodes you!
Your graspers burn!
* * * LOW HITPOINT WARNING * * *
The jelly hits you.
* * * LOW HITPOINT WARNING * * *
You are splashed with acid!
* * * LOW HITPOINT WARNING * * *
You hit the jelly but do no damage. The acid corrodes you!
Your graspers burn!
* * * LOW HITPOINT WARNING * * *
The jelly is heavily wounded.
You hit the jelly but do no damage. The acid corrodes you!
Your graspers burn!
* * * LOW HITPOINT WARNING * * *
The jelly barely misses you.
Okay, then.
You feel yourself speed up. The jelly closely misses you.
The jelly attacks as it pursues you! The jelly hits you.
* * * LOW HITPOINT WARNING * * *
The acid corrodes you!
You are splashed with acid!
You die...

.[....###.............)..........
......[...#.######.....#####.....
......#####.# ########## #.....
......# #.# #.. ........ ......#
#.# #.##### ###..... #..#### #.#
#.#...# #..... ..## #.###.#.#.#
#.#### ###########.....#.#.# #.#
........).......@...#
#################J#.# # #†#.#.#
#Z#.#.##.# ####Z#......#
#...Z..l..###
#########.............
#..............#......
#...>..........#.#.##.


You could see a jelly, a hobgoblin zombie, an orc zombie and a goblin skeleton.

Vanquished Creatures
  An ogre (D:6)
  A scorpion (D:6)
  A bullfrog (D:6)
  A hound (D:6)
  2 iguanas (D:6)
  An orc wizard (D:6)
  4 adders (D:6)
  A shadow imp (D:6)
  3 orcs (D:6)
15 creatures vanquished.

Notes
Turn   | Place    | Note
-------+----------+-------------------------------------------
     0 | D:5      | GordonOverkill the Coglin Delver began the quest for the
                  | Orb.
     0 | D:5      | Reached XP level 1. HP: 18/18 MP: 1/1
   106 | D:6      | Noticed a scorpion
   108 | D:6      | Killed a scorpion
   109 | D:6      | Reached skill level 3 in Axes
   109 | D:6      | Reached XP level 2. HP: 24/24 MP: 2/2
   109 | D:6      | Reached XP level 3. HP: 29/29 MP: 3/3
   109 | D:6      | Reached XP level 4. HP: 35/35 MP: 4/4
   141 | D:6      | Noticed a bullfrog
   148 | D:6      | Killed a bullfrog
   149 | D:6      | Reached skill level 4 in Axes
   149 | D:6      | Reached XP level 5. HP: 18/41 MP: 5/5
   269 | D:6      | Reached skill level 5 in Axes
   537 | D:6      | Noticed an ogre
   539 | D:6      | Killed an ogre
   540 | D:6      | Reached skill level 6 in Axes
   540 | D:6      | Reached XP level 6. HP: 47/47 MP: 6/6
   540 | D:6      | Noticed an ice beast
   758 | D:6      | Splashed by a jelly's acid

Illustrated notes

Levels and vault maps discovered:
D:5:      layout_basic, evilmike_ruin_ashenzari, temple_hall_moat,
          grunt_tough_drop, uniq_blork_the_orc
D:6:      layout_basic, nicolae_tso_besieged_by_evil
D:7:      minmay_the_grid_triangle_9x9_rhombus_thin
          [minmay_the_grid_triangle_9x9_swiss_cheese,
          minmay_the_grid_triangle_9x9_prize_insulated,
          minmay_the_grid_triangle_9x9_cache,
          minmay_the_grid_triangle_9x9_checkered], layout_rooms,
          worldfamousw_hep_ancestral_shrine, uniq_menkaure, uniq_pikel

Skill      XL: |  1  2  3  4  5 |
---------------+----------------+-----
Evocations     | 3 |  3.0
Axes           | 3 4 6 |  6.4
Fighting       | |  3.0
Dodging        | |  1.7
Stealth        | |  4.1

Action                     |  1- 3 |  4- 6 || total
---------------------------+-------+-------++-------
  Melee: War axe           |       |    40 ||    40
         Hand axe          |       |    39 ||    39
  Evoke: Wand              |     2 |     2 ||     4
    Use: Scroll            |       |     1 ||     1
         Potion            |       |     1 ||     1
 Armour: Leather armour    |       |    25 ||    25
  Dodge: Dodged            |       |    23 ||    23

Table legend: (Time is in decaauts)
 A = Elapsed time spent in this place.
 B = Non-inter-level travel time spent in this place.
 C = Inter-level travel time spent in this place.
 D = Time resting spent in this place.
 E = Time spent auto-exploring this place.
 F = Levels seen in this place.
 G = Mean time per level.
                   A        B        C        D        E       F      G
               +--------+--------+--------+--------+--------+-----+--------+
         Total |    762 |    762 |      0 |    285 |    159 |   3 |  254.0 |
       Dungeon |    762 |    762 |      0 |    285 |    159 |   3 |  254.0 |
               +--------+--------+--------+--------+--------+-----+--------+

Top non-repeatable levels by time:
     D:6: 729 daAuts
     D:7: 23 daAuts
     D:5: 9 daAuts
